cohdb
Replays
Latest Replays
All Replays
Popular Replays
Top Player Replays
Match Explorer
How It Works
Community
CoH3 Stats
Reddit
Sign in to upload your games and track your stats! →
Sign in with Steam
Match 47208118
Unlisted
Match 47208118
Overview
Messages
Build Orders
End
Kradschützen Motorcycle Team
Selects Panzerjäger Kommand Battlegroup
Selects Mine Fields
Panzergrenadier Squad
Panzergrenadier Squad
Panzergrenadier Squad
Construct Light Support Kompanie
Construct Mechanized Kompanie
2.5-tonne Medical Truck
Construct Mechanized Kompanie
Selects Tank Busters
Panzerjäger Mechanized Group
Combat Half-tracks
8 Rad Armored Car
Veteran Squad Leaders
Vehicle Survival Package
Selects Defensive Positions
Marder III Tank Destroyer
254 Reconnaissance Tractor
Kradschützen Motorcycle Team
Support Armor Elements
Dark Lord Cthulhu
Napoleon Bonerfart
0
0
Comments
sign in to comment!
No comments posted yet!